 Dungeon Crawl Stone Soup version 0.28-a0-726-g4a9143789a (webtiles) character file.

Game seed: 12559429854006814274

56 lawman0 the Grasshopper (level 3, 0/28 HPs)
             Began as a Barachi Warper on Oct 27, 2021.
             Succumbed to an adder's poison
             ... on level 3 of the Dungeon.
             The game lasted 00:02:15 (2193 turns).

lawman0 the Grasshopper (Barachi Warper)            Turns: 2193, Time: 00:02:16

Health: 0/28       AC:  3    Str: 12    XL:     3   Next: 95%
Magic:  6/6        EV: 15    Int: 14    God:
Gold:   96         SH:  3    Dex: 11    Spells: 0/6 levels left

rFire   . . .      SeeInvis .   a - +0 falchion
rCold   . . .      Faith    .   o - +0 buckler
rNeg    . . .      Spirit   .   b - +0 leather armour
rPois   .          Reflect  .   (no helmet)
rElec   .          Harm     .   (no cloak)
rCorr   .          Rampage  .   (no gloves)
Will    .....                   (no boots)
Stlth   +.........              (no amulet)
HPRegen 0.09/turn               f - +4 ring of evasion
MPRegen 0.10/turn               (no ring)

@: brilliant, lethally poisoned (0 -> -5), very slightly contaminated, slow
A: amphibious, slowness 1, strong legs 1, +LOS
a: Hop


You were on level 3 of the Dungeon.
You visited 1 branch of the dungeon, and saw 3 of its levels.

You collected 96 gold pieces.

Inventory:

Hand Weapons
 a - a +0 falchion (weapon)
Missiles
 d - 5 boomerangs of dispersal
 i - 5 boomerangs (quivered)
 k - 23 sling bullets
Armour
 b - a +0 leather armour (worn)
 o - a +0 buckler (worn)
Jewellery
 f - a +4 ring of evasion (left hand)
Wands
 q - a wand of digging (5)
Scrolls
 c - a scroll of blinking
 e - a scroll of silence {unknown}
 g - a scroll of brand weapon {unknown}
 j - a scroll of identify {unknown}
 m - a scroll of immolation {unknown}
 n - a scroll of enchant armour {unknown}
 p - a scroll of holy word {unknown}


   Skills:
 + Level 2.5 Fighting
 * Level 3.1 Long Blades
 + Level 1.0 Throwing
 + Level 1.7 Armour
 + Level 2.6 Dodging
 + Level 0.4 Stealth
 * Level 1.0 Shields
 + Level 2.4 Spellcasting
 + Level 3.6 Translocations
 * Level 1.0 Air Magic


You couldn't memorise any spells.
You knew the following spells:

 Your Spells              Type           Power      Damage    Failure   Level
a - Blink                 Tloc           34%        N/A       16%         2
b - Shock                 Conj/Air       16%        1d4       34%         1
c - Swiftness             Air            7%         N/A       63%         3

Your spell library contained the following spells:

 Spells                   Type           Power      Damage    Failure   Level
 Gell's Gravitas          Tloc           8%         N/A       30%         3
 Lesser Beckoning         Tloc           17%        N/A       30%         3
 Teleport Other           Tloc           17%        N/A       30%         3
 Slow                     Hex            2%         N/A       54%         2
 Confusing Touch          Hex            2%         N/A       78%         3
 Vampiric Draining        Necr           1%         2d6       78%         3
 Airstrike                Air            3%         N/A       95%         4
 Manifold Assault         Tloc           17%        N/A       95%         5
 Yara's Violent Unravell  Hex/Tmut       1%         3d3       100%        5


Dungeon Overview and Level Annotations

Branches:
Dungeon (3/15)

Altars:
Ru


Innate Abilities, Weirdness & Mutations

You are amphibious.
You cover ground slowly.
You can hop short distances.
You have an extended range of vision and can be seen from far away.


Message History

Unknown command.
You are too injured to fight recklessly!
Unknown command.
Casting: Shock (safe; 34% risk of failure)
Confirm with . or Enter, or press ? or * to list all spells.
Aiming: Shock (safe; 34% risk of failure)
Press: ? - help, Shift-Dir - straight line, f/p - adder
Aim: an adder (almost dead, 43% to hit)
You miscast Shock.
You are very lightly contaminated with residual magic.
Nothing appears to happen.
You feel sick. The adder bites you. You block the adder's attack.
Unknown command.
You are too injured to fight recklessly!
You miss the adder.
The adder is almost dead.
You feel sick. The adder bites you but does no damage.
You are too injured to fight recklessly!
You barely miss the adder.
The adder is almost dead.
You feel sick. The adder bites you.
* * * LOW HITPOINT WARNING * * *
You are lethally poisoned!
The adder poisons you! You block the adder's attack.
Casting: Shock (safe; 34% risk of failure)
Confirm with . or Enter, or press ? or * to list all spells.
Aiming: Shock (safe; 34% risk of failure)
Press: ? - help, Shift-Dir - straight line, f/p - adder
Aim: an adder (almost dead, 43% to hit)
The zap hits the adder.
The adder is almost dead.
* * * LOW HITPOINT WARNING * * *
You feel sick. The adder barely misses you.
It was a potion of magic.
Magic courses through your body.
* * * LOW HITPOINT WARNING * * *
You feel sick. The adder barely misses you.
Unknown command.
It was a potion of brilliance.
You feel clever all of a sudden.
You die...

##+## ##...##
##.....##
##.......##
#.........####...#
+........@S.......
#.........####....
##.<.....##
##.....## ##...##
#########'##
#.......#<#####
#.#####.......#
#...##...###.#


You could see an adder.

Vanquished Creatures
  2 adders
  3 dart slugs
  3 ball pythons
  2 endoplasms
  2 giant cockroaches (D:2)
  A hobgoblin (D:3)
  4 quokkas
  2 bats (D:1)
  5 frilled lizards
  3 goblins (D:2)
  A kobold (D:1)
  5 rats
33 creatures vanquished.

Notes
Turn   | Place    | Note
-------+----------+-------------------------------------------
     0 | D:1      | lawman0 the Barachi Warper began the quest for the Orb.
     0 | D:1      | Reached XP level 1. HP: 17/17 MP: 3/3
   372 | D:1      | Found a faded altar of an unknown god.
   389 | D:1      | Reached XP level 2. HP: 23/23 MP: 5/5
   471 | D:1      | Learned a level 2 spell: Blink
   473 | D:1      | Learned a level 1 spell: Shock
  1201 | D:2      | Reached XP level 3. HP: 7/28 MP: 1/6
  1206 | D:2      | HP: 1/28 [poisoned by an adder]
  1525 | D:2      | Reached skill level 1 in Air Magic
  1594 | D:2      | Found a sacrificial altar of Ru.
  1626 | D:2      | Learned a level 3 spell: Swiftness
  2144 | D:3      | Reached skill level 1 in Shields
  2192 | D:3      | HP: 1/28 [poisoned by an adder]
  2193 | D:3      | Succumbed to an adder's poison

Illustrated notes

Levels and vault maps discovered:
D:1:      moated_graveyard_arrival, layout_basic,
          dreamdust_ecumenical_altar_grove
D:2:      layout_rooms, basic_altar
D:3:      layout_loops_corners, mainiacjoe_overflow_large_starburst,
          grunt_ministairs_8

Skill      XL: |  1  2  3 |
---------------+----------+-----
Long Blades    | 3 |  3.1
Air Magic      | 1 |  1.0
Shields        | 1 |  1.0
Fighting       | |  2.5
Throwing       | |  1.0
Armour         | |  1.7
Dodging        | |  2.6
Stealth        | |  0.4
Spellcasting   | |  2.4
Translocations | |  3.6

Action                   || total
-------------------------++-------
Melee: Falchion          ||    87
Throw: Boomerang         ||     8
 Cast: Shock             ||    23
  Use: Potion            ||     3
Armor: Leather armour    ||    15
Dodge: Dodged            ||    74
Block: Buckler           ||     4

Table legend: (Time is in decaauts)
 A = Elapsed time spent in this place.
 B = Non-inter-level travel time spent in this place.
 C = Inter-level travel time spent in this place.
 D = Time resting spent in this place.
 E = Time spent auto-exploring this place.
 F = Levels seen in this place.
 G = Mean time per level.
                   A        B        C        D        E       F      G
               +--------+--------+--------+--------+--------+-----+--------+
         Total |   2407 |   2340 |     67 |    651 |   1381 |   3 |  802.3 |
       Dungeon |   2407 |   2340 |     67 |    651 |   1381 |   3 |  802.3 |
               +--------+--------+--------+--------+--------+-----+--------+

Top non-repeatable levels by time:
     D:2: 1181 daAuts
     D:1: 1051 daAuts
     D:3: 175 daAuts
